 Dungeon Crawl Stone Soup version 0.18-a0-29-gce27f3c (webtiles) character file.

10017 radek the Thaumaturge (level 11, -2/68 HPs)
             Began as a Deep Elf Conjurer on Nov 4, 2015.
             Was a Believer of Vehumet.
             Slain by an unseen horror (7 damage)
             ... on level 11 of the Dungeon.
             The game lasted 01:03:14 (14643 turns).

radek the Thaumaturge (Deep Elf Conjurer)          Turns: 14643, Time: 01:03:15

Health: -2/68      AC:  6    Str:  6    XL:     11   Next: 30%
Magic:  27/43      EV: 17    Int: 23    God:    Vehumet [**....]
Gold:   763        SH:  0    Dex: 15    Spells: 3 memorised, 26 levels left

rFire  . . .     SeeInvis .     P - staff of power
rCold  . . .     Clarity  .     S - +2 robe {Archmagi}
rNeg   . . .     SustAt   .     (no shield)
rPois  .         Gourm    .     (no helmet)
rElec  .         Spirit   .     C - +1 cloak
rCorr  .         Warding  .     (no gloves)
rMut   .         Stasis   .     (no boots)
MR     +....                    (no amulet)
Stlth  +++.......               (no ring)
                                M - ring of stealth

@: very slightly contaminated, somewhat resistant to hostile enchantments,
fairly stealthy
A: no striking features
a: Renounce Religion


You were on level 11 of the Dungeon.
You worshipped Vehumet.
Vehumet was pleased with you.
You were not hungry.

You visited 3 branches of the dungeon, and saw 14 of its levels.

You collected 763 gold pieces.

Inventory:

Hand Weapons
 i - a +0 short sword
 m - a +0 dagger
 u - a +0 short sword of venom
 v - a +2 dagger of speed
 A - a +0 antimagic dagger
 B - a +4 quarterstaff of chaos
 F - a +0 short sword of electrocution
Armour
 a - a +0 robe
 q - a +2 robe of magic resistance
 t - a +1 leather armour of cold resistance
 w - a +0 cloak
 C - a +1 cloak (worn)
 E - a +2 robe of magic resistance
 G - the +0 chain mail of the Iron City of Dis {+Blink rN+ MR- Int+3}
   (You took it off an orc on level 6 of the Dungeon)

   It affects your intelligence (+3).
   It protects you from negative energy.
   It affects your resistance to hostile enchantments.
   It lets you blink.
 L - a +0 pair of gloves
 N - a +0 pair of gloves
 R - a +0 helmet
 S - a +2 robe of the Archmagi (worn)
Magical Staves
 k - an uncursed staff of earth
 P - an uncursed staff of power (weapon)
Jewellery
 l - an uncursed ring of loudness
 M - a ring of stealth (left hand)
Wands
 r - a wand of frost (48)
 z - a wand of fire (5)
 H - a wand of disintegration (10)
 I - a wand of lightning (5)
 Q - a wand of slowing (13)
 T - a wand of fire (6)
 U - a wand of fire (3)
Scrolls
 d - 7 scrolls of identify
 e - 2 scrolls of teleportation
 s - a scroll of random uselessness
 y - 3 scrolls of remove curse
 K - a scroll of enchant weapon
 O - 2 scrolls of fog
 V - a scroll of enchant armour
Potions
 f - a potion of beneficial mutation
 g - 5 potions of magic {unknown}
 h - 7 potions of curing
 j - 2 potions of flight {unknown}
 n - a potion of cancellation {unknown}
 p - 2 potions of lignification {unknown}
 x - 5 potions of brilliance {unknown}
 D - a potion of berserk rage
Books
 b - a book of Conjurations

   Spells                             Type                      Level
   a - Magic Dart                     Conjuration                  1
   b - Searing Ray                    Conjuration                  2
   c - Dazzling Spray                 Conjuration/Hexes            3
   d - Fulminant Prism                Conjuration/Hexes            4
   e - Iskenderun's Mystic Blast      Conjuration                  4
   f - Iskenderun's Battlesphere      Conjuration/Charms           5
 J - a book of Beasts

   Spells                             Type                      Level
   a - Summon Butterflies             Summoning                    1
   b - Call Canine Familiar           Summoning                    3
   c - Summon Ice Beast               Ice/Summoning                4
   d - Summon Mana Viper              Hexes/Summoning              5
   e - Summon Hydra                   Summoning                    7
Comestibles
 c - 10 bread rations


   Skills:
 - Level 7.8 Fighting
 - Level 8.0 Dodging
 - Level 2.4 Stealth
 - Level 11.8 Spellcasting
 - Level 9.4 Conjurations
 - Level 9.2 Charms
 + Level 3.4 Fire Magic


You had 26 spell levels left.
You knew the following spells:

 Your Spells              Type           Power        Failure   Level  Hunger
a - Magic Dart            Conj           ####         1%          1    None
b - Iskenderun's Battles  Conj/Chrm      ######..     3%          5    ####...
c - Flame Tongue          Conj/Fire      #####        1%          1    None


Dungeon Overview and Level Annotations

Branches:
Dungeon (11/15)            Temple (1/1) D:4            Lair (0/8) D:11
    Orc (2/4) D:11

Altars:
Ashenzari
Cheibriados
Dithmenos
Elyvilon
Fedhas
Gozag
Kikubaaqudgha
Makhleb
Nemelex Xobeh
Okawaru
Qazlal
Ru
Sif Muna
Trog
Vehumet
Xom
Yredelemnul
Zin
The Shining One

Shops:
D:9 (:   D:10 *

Annotations:
D:7 exclusion: statue
Orc:2 Maud


Message History

* * * LOW HITPOINT WARNING * * *
The wolf completely misses you. The wolf bites you.
* * * LOW HITPOINT WARNING * * *
You are alive.
You are very lightly contaminated with residual magic.
Your movement speed is average.
Your attack speed is below average.
You are somewhat resistant to hostile enchantments.
You are fairly stealthy.
Drink which item? (? for menu, Esc to quit)
You feel much better. Something hits you.
* * * LOW HITPOINT WARNING * * *
Something hits you.
* * * LOW HITPOINT WARNING * * *
The wolf barely misses you. Something closely misses you. The wolf misses you.
You miss something. Something hits you but does no damage. Something hits you!
* * * LOW HITPOINT WARNING * * *
The wolf barely misses you. x2
You closely miss something. Something completely misses you.
Something hits you!
You die...

.##..##...# *,≈≈≈≈≈≈,,,≈≈≈,
......#...#### *≈≈≈≈≈≈,,≈,≈≈≈,
......'..##..## *≈≈≈≈≈≈,,,,,≈,,
.##(..#.......# *≈≈≈≈≈≈,>,≈,≈≈≈
###..<#..(....# *≈≈≈≈≈≈,,,,≈≈≈,
.*#####..##..## *≈≈≈≈≈.≈,≈,≈≈≈≈
.##..##..##'### *≈≈≈.≈≈≈≈≈≈≈≈,,
.....##+###...#####;..≈≈≈≈≈≈≈≈≈,,
,.....+.........@hhh≈.≈≈≈≈≈,≈≈≈≈,
,*#..##..##..#####Y..≈≈.≈≈≈≈,,,,≈
,##..##..##.<# *...≈.≈.,,≈,≈,,≈
,#.......+...# *..≈....,,≈,,,,,
.#.......#...# *.......,,,,,,,,
###..###..#..# *.......********
###..######### *#######*
.#......# .#......#


You could see an ice beast, a wolf, 2 hounds and an electric eel.

Vanquished Creatures
  Nergalle (D:10)
  An ugly thing (D:11)
  A gargoyle (D:10)
  2 trolls (D:9)
  A spriggan (D:7)
  2 deep elf magi
  A wraith (D:10)
  A yak (D:9)
  Grum (D:9)
  A hippogriff (D:9)
  A water moccasin (D:11)
  5 wolves
  Menkaure (D:6)
  2 hungry ghosts
  3 ice beasts
  Duvessa (D:4)
  2 sky beasts (D:10)
  3 orc warriors
  4 phantoms
  A black bear (D:7)
  A necrophage (D:7)
  3 eyes of draining
  6 ogres
  4 centaurs
  7 giant frogs
  Blork the orc (D:4)
  A big kobold (D:10)
  A wyvern skeleton (D:11)
  Dowan (D:4)
  13 killer bees
  3 scorpions
  2 vampire bats (D:5)
  9 wights
  An electric eel (D:11)
  9 hounds
  8 crimson imps
  3 jellies (D:8)
  2 giant frog skeletons
  Crazy Yiuf (D:4)
  7 orc priests
  2 iguanas (D:4)
  7 orc wizards
  10 worker ants
  A killer bee zombie (D:6)
  2 hound zombies
  3 hound skeletons
  3 worker ant zombies
  11 adders
  3 gnolls (D:5)
  A shadow imp (D:5)
  An ooze (D:2)
  3 worms
  3 adder skeletons
  4 giant geckos
  35 orcs
  2 ball pythons
  6 bats
  4 bat skeletons (D:5)
  8 giant cockroaches
  10 goblins
  4 hobgoblins
  10 jackals
  2 giant newts
  2 gnoll zombies (D:7)
  2 jackal skeletons
  14 kobolds
  4 quokkas
  10 rats
  A fungus (D:8)
  7 plants (D:8)
293 creatures vanquished.

Vanquished Creatures (collateral kills)
  2 plants (D:8)
2 creatures vanquished.

Grand Total: 295 creatures vanquished

Notes
Turn   | Place    | Note
--------------------------------------------------------------
     0 | D:1      | radek the Deep Elf Conjurer began the quest for the Orb.
     0 | D:1      | Reached XP level 1. HP: 10/10 MP: 6/6
   463 | D:1      | Reached XP level 2. HP: 15/15 MP: 5/8
   681 | D:2      | Reached skill level 5 in Conjurations
  1189 | D:2      | Reached XP level 3. HP: 19/19 MP: 4/9
  1390 | D:3      | Reached skill level 6 in Conjurations
  1488 | D:3      | Reached XP level 4. HP: 24/24 MP: 4/10
  2119 | D:3      | Found a blossoming altar of Fedhas.
  2414 | D:4      | Found a staircase to the Ecumenical Temple.
  2476 | Temple   | Entered the Ecumenical Temple
  2599 | D:4      | Reached skill level 7 in Conjurations
  2599 | D:4      | Reached XP level 5. HP: 23/28 MP: 6/11
  2767 | D:4      | Learned a level 5 spell: Iskenderun's Battlesphere
  2838 | D:4      | Noticed Duvessa
  2987 | D:4      | Noticed a phantom
  3022 | D:4      | Killed a phantom
  3245 | D:4      | Found a stormy altar of Qazlal.
  3252 | D:4      | Reached XP level 6. HP: 32/32 MP: 5/12
  3405 | D:4      | Found an iron altar of Okawaru.
  3416 | D:4      | Reached skill level 5 in Charms
  3762 | D:4      | Found a glowing silver altar of Zin.
  4068 | D:4      | Noticed Blork the orc
  4075 | D:4      | Killed Blork the orc
  4075 | D:4      | Reached XP level 7. HP: 23/36 MP: 4/13
  4646 | D:4      | Reached skill level 8 in Charms
  4864 | D:4      | Reached skill level 9 in Charms
  4991 | D:4      | Noticed Crazy Yiuf
  4996 | D:4      | Killed Crazy Yiuf
  5167 | D:4      | Noticed Dowan
  5172 | D:4      | Killed Dowan
  5177 | D:4      | Killed Duvessa
  5177 | D:4      | Reached skill level 5 in Spellcasting
  5371 | D:5      | Entered Level 5 of the Dungeon
  5622 | D:5      | Reached XP level 8. HP: 41/41 MP: 9/18
  5714 | D:5      | Found a deep blue altar of Sif Muna.
  6677 | D:5      | Found a bloodstained altar of Trog.
  6988 | D:5      | Found an ancient bone altar of Kikubaaqudgha.
  7121 | D:6      | Reached skill level 5 in Dodging
  7615 | D:6      | Reached XP level 9. HP: 25/45 MP: 6/24
  7993 | D:6      | Noticed Menkaure
  7999 | D:6      | Killed Menkaure
  7999 | D:6      | Reached skill level 1 in Fighting
  8003 | D:6      | Got a transparent chain mail
  8761 | D:7      | Found an opulent altar of Gozag.
  9030 | D:7      | Found a radiant altar of Vehumet.
  9041 | D:7      | Became a worshipper of Vehumet
  9158 | D:7      | Found a shattered altar of Ashenzari.
  9479 | D:7      | Found a white marble altar of Elyvilon.
  9676 | D:7      | Found a basalt altar of Yredelemnul.
 10320 | D:8      | Found a sacrificial altar of Ru.
 10374 | D:8      | Reached XP level 10. HP: 54/56 MP: 16/25
 10571 | D:8      | Reached * piety under Vehumet
 10571 | D:8      | Offered knowledge of Freeze by Vehumet.
 10990 | D:9      | Identified the +0 chain mail of the Iron City of Dis {+Blink rN+ MR- Int+3} (You took it off an orc on level 6 of the Dungeon)
 11316 | D:9      | Noticed Grum
 11316 | D:9      | Reached skill level 10 in Spellcasting
 11327 | D:9      | Killed Grum
 11566 | D:9      | Found Ipnoos's Weapon Shoppe.
 11626 | D:9      | Reached skill level 5 in Fighting
 11657 | D:9      | Found a shimmering altar of Xom.
 11703 | D:9      | Found Onik Laa's Book Shop.
 12659 | D:10     | Entered Level 10 of the Dungeon
 12802 | D:10     | Reached skill level 11 in Spellcasting
 12809 | D:10     | Offered knowledge of Flame Tongue by Vehumet.
 12814 | D:10     | Reached ** piety under Vehumet
 13356 | D:10     | Found Fokuug's Assorted Antiques.
 13356 | D:10     | Noticed Nergalle
 13367 | D:10     | Killed Nergalle
 13367 | D:10     | Reached XP level 11. HP: 47/67 MP: 26/28
 14273 | D:11     | Learned a level 1 spell: Flame Tongue
 14289 | D:11     | Found a staircase to the Orcish Mines.
 14304 | Orc:1    | Entered Level 1 of the Orcish Mines
 14458 | Orc:2    | Noticed Maud
 14538 | D:11     | Offered knowledge of Stone Arrow by Vehumet.
 14643 | D:11     | Slain by an unseen horror

Vault maps used:
D:1:      ncdulo_wetmaze, serial_curves, eino_curves_03, eino_curves_01
D:3:      lemuel_doored_altar, serial_park_tiny_pond
D:4:      kennysheep_mini_moat, nicolae_qazlal_general_emergency,
          temple_doors_e, first_bread, okawaru_gym_becter,
          uniq_crazy_yiuf_cottage, uniq_blork_the_orc, uniq_duvessa
D:5:      kennysheep_vampire_church, basic_altar, trog_eyes_of_draining
D:6:      minmay_holes, hangedman_decor_diamond_cutter, uniq_menkaure
D:7:      nicolae_gozag_seed_capital, evilmike_ruin_ashenzari, vehumet_statue,
          elyvilon_altar_3, lemuel_zombie_altar_yredelemnul, grunt_ministairs_2,
          minivault_23, the_bakery, minmay_misc_feat_plants, st_stairs_6
D:8:      nicolae_ru_the_path_less_chosen
D:9:      kennysheep_mini, serial_shops, shop, shop_coins, uniq_grum
D:10:     serial_shops, shop, uniq_nergalle
D:11:     erik_lair_island
Temple:   temple_of_Zot_orb
Orc:1:    uniq_erolcha
Orc:2:    minmay_orc_temple_a, uniq_harold, uniq_rupert, uniq_snorg, uniq_maud

Action                   |  1- 3 |  4- 6 |  7- 9 | 10-12 || total
-------------------------+-------+-------+-------+-------++-------
Melee: Dagger            |       |    17 |    12 |       ||    29
       Quarterstaff      |       |       |       |   132 ||   132
       Staff             |       |       |       |     6 ||     6
 Cast: Magic Dart        |    62 |   117 |   297 |   264 ||   740
       Iskenderun's Batt |       |     3 |    40 |    42 ||    85
  Use: Scroll            |     1 |       |       |    14 ||    15
       Potion            |       |     1 |       |     4 ||     5
  Eat: Chunk             |     2 |     6 |     9 |     6 ||    23
       Beef jerky        |       |     1 |       |       ||     1
       Meat ration       |       |     1 |     3 |       ||     4
       Bread ration      |       |       |       |     3 ||     3
       Pizza             |       |       |       |     1 ||     1
